 Dungeon Crawl Stone Soup version 0.30-a0-210-g01b79a254e (webtiles) character file.

Game seed: 12408438832867038365

177 Darkkill the Ducker (level 5, -1/58 HPs)
             Began as a Human Warper on Oct 4, 2022.
             Slain by Grinder (3 damage)
             ... on level 3 of the Dungeon.
             The game lasted 00:07:13 (2215 turns).

Darkkill the Ducker (Human Warper)                  Turns: 2215, Time: 00:07:14

Health: -1/58      AC: 22    Str: 17    XL:     5   Next: 88%
Magic:  8/8        EV:  2    Int: 14    God:
Gold:   122        SH:  0    Dex: 14    Spells: 0/8 levels left

rFire   . . .      SeeInvis .    c - +1 falchion (vorpal)
rCold   . . .      Faith    .    (no shield)
rNeg    . . .      Spirit   .    (body armour currently unavailable)
rPois   +          Reflect  .    (helmet currently unavailable)
rElec   .          Harm     .    (cloak currently unavailable)
rCorr   .          Rampage  .    (gloves currently unavailable)
Will    .....      NoTele   +    (boots currently unavailable)
Stlth   +.........               (no amulet)
HPRegen 0.29/turn                e - +6 ring of strength
MPRegen 0.11/turn                (no ring)

@: tree-form
A: stationary, stasis, torment immunity, boosted hp
a: no special abilities


You were on level 3 of the Dungeon.
You were a tree.
You visited 1 branch of the dungeon, and saw 3 of its levels.

You collected 122 gold pieces.

Inventory:

Hand Weapons
 c - a +1 vorpal falchion (weapon)
Missiles
 b - a throwing net (quivered)
Armour
 f - a +2 scale mail of willpower (melded)
Jewellery
 e - a +6 ring of strength (left branch)
Scrolls
 g - 2 scrolls of amnesia
Potions
 j - a potion of brilliance


   Skills:
 + Level 2.6 Fighting
 + Level 2.9 Long Blades
 + Level 1.0 Throwing
 + Level 2.5 Armour
 + Level 3.6 Dodging
 + Level 2.1 Spellcasting
 + Level 3.3 Translocations


You couldn't memorise any spells.
You knew the following spells:

 Your Spells              Type           Power      Damage    Failure   Level
a - Blink                 Tloc           20%        N/A       9%          2
b - Vampiric Draining     Necr           1%         2d6       56%         3
c - Vhi's Electric Charg  Tloc/Air       12%        N/A       34%         3

Your spell library contained the following spells:

 Spells                   Type           Power      Damage    Failure   Level
 Lesser Beckoning         Tloc           20%        N/A       19%         3
 Teleport Other           Tloc           10%        N/A       19%         3
 Slow                     Hex            4%         N/A       24%         1
 Manifold Assault         Tloc           10%        N/A       52%         4
 Confusing Touch          Hex            1%         N/A       56%         3


Dungeon Overview and Level Annotations

Branches:
Dungeon (3/15)

Altars:
Cheibriados
Okawaru

Annotations:
D:3 Grinder


Message History

You barely miss Grinder.
Grinder is moderately wounded.
Grinder misses you.
You hit Grinder.
Grinder is heavily wounded.
Grinder closely misses you.
You hit Grinder.
Grinder is severely wounded.
Grinder blinks!
Grinder gestures at you. You resist with some effort. Grinder gestures at you.
You resist with some effort.
Grinder blinks!
Grinder barely misses you.
Grinder grins, showing sharp teeth.
Grinder hits you but does no damage.
You hit Grinder but do no damage.
Grinder is severely wounded.
Grinder gestures at you.
You suddenly lose the ability to move!
Grinder hits you!
You writhe in agony.
Grinder barely misses you.
Grinder blinks!
Grinder gestures at you. Pain shoots through your body!
* * * LOW HITPOINT WARNING * * *
You can move again.
Grinder grins, showing sharp teeth.
Grinder hits you.
* * * LOW HITPOINT WARNING * * *
You writhe in agony.
* * * LOW HITPOINT WARNING * * *
Really quaff the potion of lignification?
You turn into a tree.
Your +2 scale mail of willpower melds into your body.
You feel less strong-willed.
Your roots penetrate the ground.
Grinder hits you!
* * * LOW HITPOINT WARNING * * *
You writhe in agony.
You die...

...# #......###'###.# ...#
#......# #.# #.# # ...#
#......###+###.#.# .#
...#####......##......#.#...#
..............++.............
########......##......#.....(
### #..............#######
..# ##..............# ..###
#........5♣....)# ....#
#...#...........#
###.###...............#
###.......##...##.....#
.....#....#.... #.....#
.....+......._..........
.....##...#.....#.....#.#
.....##...##...##.###.#.#
.....##.#... ..... #.. #


You could see Grinder.

Vanquished Creatures
  An iguana (D:3)
  Terence (D:2)
  4 gnolls (D:3)
  4 adders (D:2)
  A worm (D:2)
  A dart slug (D:2)
  2 ball pythons (D:2)
  6 endoplasms
  2 giant cockroaches (D:1)
  7 goblins
  2 hobgoblins
  2 jackals (D:1)
  2 quokkas (D:2)
  5 bats
  6 kobolds
  4 rats
50 creatures vanquished.

Vanquished Creatures (others)
  4 plants (D:2)
4 creatures vanquished.

Grand Total: 54 creatures vanquished

Notes
Turn   | Place    | Note
-------+----------+-------------------------------------------
     0 | D:1      | Darkkill the Human Warper began the quest for the Orb.
     0 | D:1      | Reached XP level 1. HP: 16/16 MP: 3/3
    16 | D:1      | Found a faded altar of an unknown god.
   272 | D:1      | Reached XP level 2. HP: 18/22 MP: 5/5
   800 | D:2      | Found a snail-covered altar of Cheibriados.
   812 | D:2      | Reached XP level 3. HP: 25/28 MP: 6/6
   892 | D:2      | Identified the +11 sling "Wastres" {vorpal, Str+6}
  1025 | D:2      | Reached XP level 4. HP: 34/34 MP: 7/7
  1508 | D:2      | Noticed Terence
  1670 | D:2      | Killed Terence
  1671 | D:2      | Reached XP level 5. HP: 30/39 MP: 8/8
  1977 | D:3      | Found an iron altar of Okawaru.
  2060 | D:3      | HP: 1/58 [gnoll/+0 spear (6)]
  2079 | D:3      | Learned a level 2 spell: Blink
  2106 | D:3      | Learned a level 3 spell: Vampiric Draining
  2110 | D:3      | Learned a level 3 spell: Vhi's Electric Charge
  2177 | D:3      | Noticed Grinder
  2208 | D:3      | Paralysed by Grinder for 5 turns
  2215 | D:3      | HP: 2/58 [Grinder (7)]
  2215 | D:3      | Slain by Grinder

Illustrated notes

Levels and vault maps discovered:
D:1:      denvon_arrival_waterhouse, layout_rooms,
          chequers_ecumenical_altar_island
D:2:      layout_basic, basic_altar, minmay_misc_feat_ornament,
          eino_tiny_chamber, kennysheep_path_1, serial_bayou_lake_a,
          uniq_terence
D:3:      layout_basic, okawaru_gym_becter, minmay_parallelograms, uniq_grinder

Skill      XL: |  1  2  3  4  5 |
---------------+----------------+-----
Armour         | 2 |  2.5
Dodging        | 3 |  3.6
Fighting       | |  2.6
Long Blades    | |  2.9
Throwing       | |  1.0
Spellcasting   | |  2.1
Translocations | |  3.3

Action                   |  1- 3 |  4- 6 || total
-------------------------+-------+-------++-------
Melee: Falchion          |    72 |   115 ||   187
       Punch             |       |     2 ||     2
Throw: Boomerang         |       |     7 ||     7
       Throwing net      |       |     1 ||     1
  Use: Scroll            |     4 |     4 ||     8
       Potion            |       |     4 ||     4
Armor: Scale mail        |    74 |    75 ||   149
       Skin              |       |    35 ||    35
Dodge: Dodged            |    74 |    82 ||   156

Table legend: (Time is in decaauts)
 A = Elapsed time spent in this place.
 B = Non-inter-level travel time spent in this place.
 C = Inter-level travel time spent in this place.
 D = Time resting spent in this place.
 E = Time spent auto-exploring this place.
 F = Levels seen in this place.
 G = Mean time per level.
                   A        B        C        D        E       F      G
               +--------+--------+--------+--------+--------+-----+--------+
         Total |   2280 |   2260 |     20 |      0 |   1612 |   3 |  760.0 |
       Dungeon |   2280 |   2260 |     20 |      0 |   1612 |   3 |  760.0 |
               +--------+--------+--------+--------+--------+-----+--------+

Top non-repeatable levels by time:
     D:2: 1214 daAuts
     D:1: 810 daAuts
     D:3: 256 daAuts
